 Dungeon Crawl Stone Soup version 0.28-a0-793-g31680bbd8b (webtiles) character file.

Game seed: 4381666221107911413

442 jasper the Chopper (level 6, -17/48 HPs)
             Began as a Demonspawn Cinder Acolyte on Nov 3, 2021.
             Was a High Priest of Ignis.
             Killed from afar by Pikel (24 damage)
             ... with a bolt of acid
             ... on level 4 of the Dungeon.
             The game lasted 00:05:19 (3887 turns).

jasper the Chopper (Demonspawn Cinder Acolyte)      Turns: 3887, Time: 00:05:20

Health: -17/48     AC:  3    Str: 21    XL:     6   Next: 71%
Magic:  7/7        EV: 11    Int: 15    God:    Ignis [*****.]
Gold:   136        SH:  0    Dex: 10    Spells: 7/7 levels left

rFire   + . .      SeeInvis .   p - +7 great mace "Undeadhunter" {disrupt, rN+}
rCold   . . .      Faith    .   (shield currently unavailable)
rNeg    + . .      Spirit   .   q - +0 ring mail
rPois   .          Reflect  .   c - +0 helmet
rElec   .          Harm     .   t - +0 cloak
rCorr   .          Rampage  .   (no gloves)
Will    .....                   (no boots)
Stlth   ..........              m - amulet of magic regeneration
HPRegen 0.16/turn               j - +6 ring of strength
MPRegen 0.35/turn               (no ring)

@: corroded
A: ignite blood 1, powered by death 1
a: Renounce Religion, Sea of Fire, Foxfire Swarm, Rising Flame


You were on level 4 of the Dungeon.
You worshipped Ignis.
Ignis was extremely pleased with you.
You visited 1 branch of the dungeon, and saw 4 of its levels.

You collected 136 gold pieces.

Inventory:

Hand Weapons
 a - a +0 hand axe of flaming
 e - a +3 hunting sling
 k - a +2 short sword of venom
 p - the +7 great mace "Undeadhunter" (weapon) {disrupt, rN+}
   (You found it on level 2 of the Dungeon)

   It inflicts significantly more damage against the undead.
   rN:        It protects you from negative energy.
Missiles
 g - 37 stones (quivered)
 i - 23 sling bullets
Armour
 b - a +0 robe
 c - a +0 helmet (worn)
 q - a +0 ring mail (worn)
 t - a +0 cloak (worn)
Jewellery
 j - a +6 ring of strength (left hand)
 m - an amulet of magic regeneration (around neck)
Scrolls
 f - a scroll of amnesia
 o - a scroll of teleportation {unknown}
 r - a scroll of blinking {unknown}
Potions
 d - a potion of cancellation
 h - a potion of curing
 l - a potion of mutation {unknown}
 n - a potion of resistance {unknown}
 s - a potion of flight {unknown}
 u - a potion of might {unknown}


   Skills:
 + Level 3.6 Fighting
 - Level 4.6(5.2) Axes
 * Level 3.7(4.8) Maces & Flails
 + Level 1.5 Armour
 + Level 1.6 Dodging
 - Level 1.0 Spellcasting
 - Level 2.6 Fire Magic


You had 7 spell levels left.
You didn't know any spells.
Your spell library contained the following spells:

 Spells                   Type           Power      Damage    Failure   Level
 Scorch                   Fire           16%        2d5       21%         2
 Ensorcelled Hibernation  Hex/Ice        0%         N/A       52%         2
 Spider Form              Tmut/Pois      0%         N/A       75%         3


Dungeon Overview and Level Annotations

Branches:
Dungeon (4/15)
 Temple: D:4-7

Altars:

Annotations:
D:4 Pikel


Innate Abilities, Weirdness & Mutations

Your demonic aura sometimes causes spilled blood to erupt in flames.
You regenerate a little health from kills.


Message History

You bludgeon Natasha!!
You kill Natasha!
Natasha growls in agony!
You see here the felid corpse of Natasha.
Health restored: 48
There is a stone staircase leading down here.
You feel yourself speed up.
h - 2 potions of curing (gained 1)
There is a stone staircase leading down here. 4 lemures and Pikel come into view.
Pikel is wielding a +0 whip of electrocution and carrying a wand of acid (8).
Pikel shouts!
The lemure shouts! x3
There are monsters nearby!
There are monsters nearby!
You sock the lemure!
The lemure is moderately wounded.
The lemure completely misses you. The lemure hits you.
Pikel drinks a potion.
Pikel seems to speed up.
You take 6 damage, and have 42/48 hp.
You bludgeon the lemure!!
You kill the lemure!
That felt strangely unrewarding.
You closely miss Pikel.
Pikel zaps a wand.
The bolt of acid hits you!!
Ouch! That really hurt!
* * * LOW HITPOINT WARNING * * *
The acid corrodes you! Pikel barely misses you.
Pikel hits you with a +0 whip of electrocution!
* * * LOW HITPOINT WARNING * * *
You take 41 damage, and have 1/48 hp.
MASSIVE DAMAGE!!
Okay, then.
Okay, then.
Okay, then.
Okay, then.
Press: ? - help, v - describe, . - travel
Here: Pikel, wielding a +0 whip of electrocution, wearing a +0 robe and carrying a wand of acid (7) (fast)
The floor.
Unknown command.
You feel better.
Pikel zaps a wand.
The bolt of acid hits you!!
Ouch! That really hurt!
You die...

#............†...†....#
#####.......).........###.# #
#.....................#
#####..........####.##########
....................>.........
#####.......##.##.#.##########
# #######.##.##.#.# #
###.##.##.#.# # ......5K@.#.#
###.##.####.# ... ..# ###K ###
#5 #5 #5 ..


You could see Pikel (fast) and a lemure.

Vanquished Creatures
  Edmund (D:4)
  A lemure (D:4)
  A scorpion (D:4)
  An orc priest (D:3)
  An iguana (D:4)
  Natasha (twice) (D:4)
  Robin (D:2)
  A howler monkey skeleton (D:4)
  5 adders
  5 worms
  An adder skeleton (D:4)
  A dart slug (D:2)
  4 orcs
  7 ball pythons
  5 bats
  4 endoplasms
  A giant cockroach (D:3)
  9 goblins
  9 hobgoblins
  3 jackals (D:3)
  2 quokkas
  4 frilled lizards
  7 kobolds
  8 rats
84 creatures vanquished.

Vanquished Creatures (others)
  12 foxfires (D:2)
  A fungus (D:2)
13 creatures vanquished.

Grand Total: 97 creatures vanquished

Notes
Turn   | Place    | Note
-------+----------+-------------------------------------------
     0 | D:1      | jasper the Demonspawn Cinder Acolyte began the quest for
                  | the Orb.
     0 | D:1      | Reached XP level 1. HP: 18/18 MP: 2/2
   119 | D:1      | Reached skill level 3 in Axes
   365 | D:1      | Gained mutation: You regenerate a little health from kills.
                  | [demonic ancestry]
   365 | D:1      | Reached XP level 2. HP: 21/24 MP: 3/3
  1265 | D:2      | Noticed Robin
  1267 | D:2      | Killed Robin
  1268 | D:2      | Reached XP level 3. HP: 6/29 MP: 4/4
  1269 | D:2      | Reached skill level 4 in Axes
  2241 | D:2      | Found a faded altar of an unknown god.
  2266 | D:2      | Gained mutation: Your demonic aura sometimes causes spilled
                  | blood to erupt in flames. [demonic ancestry]
  2266 | D:2      | Reached XP level 4. HP: 35/35 MP: 5/5
  2620 | D:2      | Found the +7 great mace "Undeadhunter" {disrupt, rN+}
  3140 | D:3      | Reached skill level 1 in Maces & Flails
  3425 | D:3      | Reached XP level 5. HP: 41/41 MP: 6/6
  3659 | D:4      | Noticed Edmund
  3670 | D:4      | Killed Edmund
  3671 | D:4      | Reached skill level 1 in Armour
  3671 | D:4      | Reached skill level 1 in Dodging
  3671 | D:4      | Reached XP level 6. HP: 31/47 MP: 7/7
  3849 | D:4      | Noticed Natasha
  3855 | D:4      | Killed Natasha
  3861 | D:4      | Noticed Natasha
  3865 | D:4      | Killed Natasha
  3882 | D:4      | Noticed Pikel
  3886 | D:4      | HP: 1/48 [Pikel (10)]
  3887 | D:4      | Killed from afar by Pikel

Illustrated notes

Levels and vault maps discovered:
D:1:      moated_graveyard_arrival, layout_basic
D:2:      minmay_diamond_boxcup, layout_loops_ring,
          shapermc_ecumenical_altar_mp_ritualfount,
          chequers_serial_rivers_micro_d, minmay_strange_pillars, uniq_robin
D:3:      layout_basic, hex_large
D:4:      layout_basic, amcnicky_mini_pool_small, uniq_edmund, uniq_natasha,
          uniq_pikel, uniq_blork_the_orc

Skill      XL: |  1  2  3  4  5 |
---------------+----------------+-----
Axes           | 3 4 |  4.6
Maces & Flails | 2 3 |  3.7
Armour         | 1 |  1.5
Dodging        | 1 |  1.6
Fighting       | |  3.6
Spellcasting   | |  1.0
Fire Magic     | |  2.6

Action                   |  1- 3 |  4- 6 || total
-------------------------+-------+-------++-------
Melee: Hand axe          |    70 |    64 ||   134
       Great mace        |       |    48 ||    48
 Fire: Hunting sling     |    45 |     2 ||    47
Throw: Stone             |    12 |     4 ||    16
Invok: Foxfire Swarm     |     1 |       ||     1
  Use: Scroll            |     4 |     3 ||     7
       Potion            |       |     2 ||     2
Armor: Robe              |    26 |     6 ||    32
       Ring mail         |       |    39 ||    39
Dodge: Dodged            |    53 |    56 ||   109

Table legend: (Time is in decaauts)
 A = Elapsed time spent in this place.
 B = Non-inter-level travel time spent in this place.
 C = Inter-level travel time spent in this place.
 D = Time resting spent in this place.
 E = Time spent auto-exploring this place.
 F = Levels seen in this place.
 G = Mean time per level.
                   A        B        C        D        E       F      G
               +--------+--------+--------+--------+--------+-----+--------+
         Total |   3927 |   3827 |    100 |    518 |   2570 |   4 |  981.8 |
       Dungeon |   3927 |   3827 |    100 |    518 |   2570 |   4 |  981.8 |
               +--------+--------+--------+--------+--------+-----+--------+

Top non-repeatable levels by time:
     D:2: 1813 daAuts
     D:1: 1036 daAuts
     D:3: 665 daAuts
     D:4: 412 daAuts
